[Event "ICC tourney 2350 (60 10)"]
[Site "Internet Chess Club"]
[Date "2021.01.30"]
[Round "2"]
[White "BinghuiDu"]
[Black "coolsportsguy"]
[Result "1-0"]
[ICCResult "Black checkmated"]
[WhiteElo "1925"]
[BlackElo "2330"]
[Opening "French: exchange variation"]
[ECO "C01"]
[NIC "FR.01"]
[Time "13:01:21"]
[PlyCount "101"]
[TimeControl "3600+10"]

1. e4 e6 2. d4 d5 3. exd5 exd5 4. Bd3 Nc6 5. c3 Bd6 6. Ne2 Nge7 7. Bf4 O-O
8. O-O Ng6 9. Bxd6 Qxd6 10. Ng3 Nf4 11. Qc2 g6 12. Nd2 Bg4 13. Rae1 Rfe8
14. f3 Bd7 15. Nb3 b6 16. Nc1 Qf6 17. Qf2 Bh3 18. Ne4 dxe4 19. fxe4 Qg5 20.
Re3 Re7 21. Rg3 Nxd3 22. Nxd3 Qh4 23. Rxg6+ fxg6 24. Qxh4 Bd7 25. d5 g5 26.
Qxg5+ Rg7 27. Qf6 Ne7 28. Ne5 Bh3 29. Rf2 Re8 30. Kh1 Bc8 31. Rf3 Ng6 32.
Nxg6 hxg6 33. e5 Bf5 34. e6 b5 35. h3 a5 36. Rf2 a4 37. Kh2 Kh7 38. Rf4 Bb1
39. a3 Bd3 40. Rd4 Bc4 41. h4 Kg8 42. Rxc4 bxc4 43. Qd4 Rb8 44. Qxc4 Rxb2
45. e7 Rxe7 46. d6+ Rf7 47. dxc7 g5 48. c8=Q+ Kg7 49. Qd4+ Kg6 50. Qe6+ Kh5
51. Qdg4# { Black checkmated } 1-0

[Event "ICC tourney 2350 (60 10)"]
[Site "Internet Chess Club"]
[Date "2021.01.30"]
[Round "2"]
[White "HarleyQueen8"]
[Black "leavenotrace"]
[Result "0-1"]
[ICCResult "White checkmated"]
[WhiteElo "1858"]
[BlackElo "1614"]
[Opening "Nimzo-Indian: classical variation"]
[ECO "E32"]
[NIC "NI.20"]
[Time "13:00:29"]
[PlyCount "74"]
[TimeControl "3600+10"]

1. d4 Nf6 2. c4 e6 3. Nc3 Bb4 4. Qc2 O-O 5. a3 Bxc3+ 6. Qxc3 Ne4 7. Qc2 f5
8. Nf3 b6 9. e3 Bb7 10. Bd3 d6 11. Bd2 Nd7 12. Bc3 Ndf6 13. h3 Qe8 14.
O-O-O a6 15. Rhg1 b5 16. Nh2 bxc4 17. Bxc4 Nd5 18. Be1 Qd7 19. g4 Nb6 20.
gxf5 Nxc4 21. Qxc4 Rxf5 22. Ng4 Bd5 23. Qc2 Kh8 24. Nh2 Nf6 25. Bc3 Be4 26.
Qd2 Qa4 27. Rdf1 Rb5 28. f3 Bg6 29. e4 d5 30. Qf2 Rab8 31. Ng4 Nd7 32. exd5
exd5 33. f4 Be4 34. f5 Rb3 35. Qg3 Rxb2 36. Ne3 Rc2+ 37. Nxc2 Qxc2# { White
checkmated } 0-1

[Event "ICC tourney 2350 (60 10)"]
[Site "Internet Chess Club"]
[Date "2021.01.30"]
[Round "2"]
[White "weijie123"]
[Black "cdong13"]
[Result "0-1"]
[ICCResult "White resigns"]
[WhiteElo "2091"]
[BlackElo "1676"]
[Opening "Queen's pawn: Charlick (Englund) gambit"]
[ECO "A40"]
[NIC "QO.17"]
[Time "13:00:46"]
[PlyCount "104"]
[TimeControl "3600+10"]

1. d4 e5 2. dxe5 Nc6 3. Nf3 Qe7 4. e3 Nxe5 5. Be2 Nf6 6. b3 Nxf3+ 7. Bxf3
Qe5 8. c3 d5 9. Bb2 Bf5 10. Qd4 Bd6 11. Nd2 Qxd4 12. cxd4 O-O 13. O-O Bb4
14. Nb1 Be4 15. a3 Bd6 16. Nc3 Bxf3 17. gxf3 Rfe8 18. Rac1 c6 19. Rfe1 Re6
20. e4 Bf4 21. Rc2 Nh5 22. Ne2 Rae8 23. e5 f6 24. Ng3 g6 25. Nxh5 gxh5 26.
Rce2 Kf7 27. h3 Rg8+ 28. Kf1 Bh2 29. Re3 Bf4 30. Rd3 fxe5 31. dxe5 Rge8 32.
Bd4 a6 33. Kg2 Bxe5 34. Bxe5 Rxe5 35. Rxe5 Rxe5 36. f4 Re4 37. Kg3 Kg6 38.
f3 Re2 39. b4 Re6 40. a4 Re2 41. b5 axb5 42. axb5 Re6 43. h4 Kf5 44. Kf2
Kxf4 45. bxc6 bxc6 46. Rd4+ Ke5 47. Ke3 c5 48. Ra4 d4+ 49. Kd2 Kf4 50. Ra7
Kxf3 51. Rxh7 Kg4 52. Re7 Rxe7 { White resigns } 0-1

[Event "ICC tourney 2350 (60 10)"]
[Site "Internet Chess Club"]
[Date "2021.01.30"]
[Round "2"]
[White "chessisthebest1"]
[Black "Gadus-morhua"]
[Result "1/2-1/2"]
[ICCResult "Game drawn by mutual agreement"]
[WhiteElo "1812"]
[BlackElo "2136"]
[Opening "French: Winawer, Alekhine gambit"]
[ECO "C15"]
[NIC "FR.08"]
[Time "13:00:32"]
[PlyCount "78"]
[TimeControl "3600+10"]

1. e4 e6 2. d4 d5 3. Nc3 Bb4 4. Ne2 dxe4 5. a3 Bxc3+ 6. Nxc3 f5 7. f3 exf3
8. Qxf3 Nf6 9. Bf4 c6 10. O-O-O Nbd7 11. Bc4 Nb6 12. Bb3 O-O 13. Rhe1 Nbd5
14. Ne2 b5 15. Kb1 a5 16. Nc1 Nxf4 17. Qxf4 Nd5 18. Bxd5 exd5 19. Re3 Re8
20. Re5 Ra7 21. Nd3 Rae7 22. h4 Rxe5 23. Nxe5 Qf6 24. b4 axb4 25. axb4 Qd6
26. c3 Be6 27. Kb2 Ra8 28. Ra1 Rxa1 29. Kxa1 Qc7 30. Kb2 h6 31. g3 Kh7 32.
Qe3 Bf7 33. Qf4 Be6 34. Qe3 Qc8 35. h5 Qe8 36. Qf3 Kg8 37. Kc2 Qc8 38. Kb2
Bf7 39. g4 Be6 { Game drawn by mutual agreement } 1/2-1/2

[Event "ICC tourney 2350 (60 10)"]
[Site "Internet Chess Club"]
[Date "2021.01.30"]
[Round "2"]
[White "jx4"]
[Black "elMo17"]
[Result "1-0"]
[ICCResult "Black resigns"]
[WhiteElo "2213"]
[BlackElo "1786"]
[Opening "QGA: 3.Nf3"]
[ECO "D21"]
[NIC "QG.05"]
[Time "13:00:33"]
[PlyCount "105"]
[TimeControl "3600+10"]

1. d4 d5 2. c4 dxc4 3. Nf3 c5 4. e3 cxd4 5. Bxc4 Qc7 6. Qb3 e6 7. exd4 Nf6
8. O-O Nc6 9. Bd3 Bd6 10. Nc3 a6 11. Bg5 Nb4 12. Be2 Nbd5 13. Rac1 Qb8 14.
Rfe1 O-O 15. Bc4 Nf4 16. Bxf6 gxf6 17. g3 Nh3+ 18. Kg2 Ng5 19. Nxg5 fxg5
20. Ne4 b5 21. Bd3 Bb7 22. Kg1 Be7 23. Nc5 Rd8 24. Nxb7 Qxb7 25. Be4 Qd7
26. Bxa8 Rxa8 27. Red1 Rd8 28. Rc2 Bf6 29. Rcd2 Qa7 30. d5 exd5 31. Rxd5
Rxd5 32. Qxd5 h6 33. b3 Kg7 34. Rd3 Qc7 35. Rf3 Qc1+ 36. Kg2 Qb2 37. Qc6
Bd4 38. Qb7 Bf6 39. Qxa6 b4 40. Qc4 Qxa2 41. Qxb4 Qb2 42. Qc4 Qe5 43. b4 h5
44. Qc6 Be7 45. b5 Bd6 46. Qc3 Qxc3 47. Rxc3 f6 48. b6 Kg6 49. b7 h4 50.
gxh4 gxh4 51. Rc8 Kh5 52. b8=Q Bxb8 53. Rxb8 { Black resigns } 1-0

[Event "ICC tourney 2350 (60 10)"]
[Site "Internet Chess Club"]
[Date "2021.01.30"]
[Round "2"]
[White "saisneha"]
[Black "CaptainD17"]
[Result "1-0"]
[ICCResult "Black resigns"]
[WhiteElo "1927"]
[BlackElo "1706"]
[Opening "Grünfeld: exchange variation"]
[ECO "D85"]
[NIC "GI.04"]
[Time "13:00:35"]
[PlyCount "95"]
[TimeControl "3600+10"]

1. d4 Nf6 2. c4 g6 3. Nc3 d5 4. cxd5 Nxd5 5. e4 Nxc3 6. bxc3 Bg7 7. Bb5+ c6
8. Ba4 O-O 9. Nf3 c5 10. O-O Qa5 11. Bg5 b5 12. Bc2 Qc7 13. Qd2 Rd8 14. d5
Nc6 15. Rab1 Na5 16. Bd3 c4 17. Bc2 a6 18. Nd4 Rd7 19. f4 Bxd4+ 20. Qxd4
Nb7 21. f5 Qc5 22. Be3 Qa3 23. fxg6 hxg6 24. e5 e6 25. Qh4 Qe7 26. Bg5 Qc5+
27. Kh1 f5 28. dxe6 Rh7 29. e7 Bd7 30. Qf4 Bc6 31. Bf6 Qd5 32. Rf2 Nc5 33.
Qg5 Be8 34. Bxf5 Ne4 35. Bxe4 Qxe4 36. Rd1 Rh5 37. Qg3 Rf5 38. Rxf5 Qxf5
39. h3 Ra7 40. Rd8 Kf7 41. Qh4 Qh5 42. e6+ Kxe6 43. Qd4 Rd7 44. Qb6+ Kf7
45. Rxe8 Qd1+ 46. Kh2 Qd6+ 47. Qxd6 Rxd6 48. Rf8+ { Black resigns } 1-0

[Event "ICC tourney 2350 (60 10)"]
[Site "Internet Chess Club"]
[Date "2021.01.30"]
[Round "2"]
[White "mistermath314"]
[Black "marcusmellody"]
[Result "1-0"]
[ICCResult "Black resigns"]
[WhiteElo "1972"]
[BlackElo "1713"]
[Opening "Grünfeld: exchange, classical variation"]
[ECO "D86"]
[NIC "GI.05"]
[Time "13:00:27"]
[PlyCount "135"]
[TimeControl "3600+10"]

1. d4 Nf6 2. c4 g6 3. Nc3 d5 4. cxd5 Nxd5 5. e4 Nxc3 6. bxc3 Bg7 7. Bc4 O-O
8. Ne2 Bg4 9. Be3 c5 10. f3 Bd7 11. O-O Nc6 12. dxc5 Qc7 13. Qc2 Rfd8 14.
Rab1 Rac8 15. Rfd1 Be8 16. Bb5 Ne5 17. Rxd8 Rxd8 18. Bxe8 Rxe8 19. Qb3 Rb8
20. c4 Nd7 21. Qa3 a6 22. Nf4 Be5 23. Nd5 Bxh2+ 24. Kh1 Qe5 25. Nxe7+ Qxe7
26. Kxh2 b6 27. Qxa6 Nxc5 28. Qb5 Qe5+ 29. Kg1 Rc8 30. Qxb6 Ne6 31. Qb3 Nf4
32. Bxf4 Qxf4 33. Rd1 Rb8 34. Qc2 Qg5 35. Rd3 Qg3 36. Qc1 Ra8 37. a3 h5 38.
Rd2 Rxa3 39. Rf2 Ra8 40. Qc3 Rc8 41. c5 Rd8 42. Rf1 h4 43. Qe3 Rc8 44. Rc1
Rd8 45. Qf2 Qg5 46. f4 Qg4 47. Qf3 Qe6 48. f5 gxf5 49. Qxf5 Qxf5 50. exf5
Kg7 51. Kh2 Kf6 52. Kh3 Kxf5 53. Kxh4 Ke6 54. g4 Kf6 55. c6 Rc8 56. Kg3 Kg5
57. Rc5+ Kg6 58. Kf4 Rc7 59. g5 f6 60. Ke4 fxg5 61. Ke5 g4 62. Kd6 Rc8 63.
Kd7 Ra8 64. c7 g3 65. Rc3 Kf5 66. Rxg3 Ra7 67. Kd8 Ke6 68. c8=Q+ { Black
resigns } 1-0

[Event "ICC tourney 2350 (60 10)"]
[Site "Internet Chess Club"]
[Date "2021.01.30"]
[Round "2"]
[White "geowhiz27"]
[Black "harrislencz"]
[Result "0-1"]
[ICCResult "White checkmated"]
[WhiteElo "1667"]
[BlackElo "1899"]
[Opening "Sicilian defense"]
[ECO "B30"]
[NIC "SI.31"]
[Time "13:00:54"]
[PlyCount "164"]
[TimeControl "3600+10"]

1. e4 c5 2. Nf3 Nc6 3. c3 d5 4. exd5 Qxd5 5. d4 Bg4 6. Be2 e6 7. Be3 cxd4
8. cxd4 Nf6 9. Nc3 Qa5 10. O-O Be7 11. Qb3 Qb4 12. Rfd1 O-O 13. d5 exd5 14.
Nxd5 Nxd5 15. Rxd5 Qxb3 16. axb3 a6 17. Kf1 Be6 18. Rd3 Bf6 19. Nd4 Nxd4
20. Bxd4 Bxd4 21. Rxd4 Bxb3 22. Rd7 Rab8 23. Bf3 b6 24. Rc7 a5 25. Rac1 g6
26. Bb7 Ba4 27. R1c3 Rbe8 28. Bc6 Bxc6 29. R3xc6 Rb8 30. Rf6 b5 31. Ra7 a4
32. Ke2 Kg7 33. Rc6 Rfe8+ 34. Kd3 Red8+ 35. Kc3 Rd5 36. Rcc7 Rf5 37. f3 h5
38. b3 b4+ 39. Kc2 a3 40. Kb1 Re8 41. Rab7 Re1+ 42. Rc1 a2+ 43. Kxa2 Rxc1
44. Rxb4 Rc2+ 45. Ka3 Rxg2 46. Rh4 Rxf3 47. Ka4 Ra2+ 48. Kb4 Rb2 49. Kc4
Rfxb3 50. Kd5 Rb5+ 51. Kd6 Rb6+ 52. Ke7 Re2+ 53. Kd7 Rbb2 54. h3 Rbd2+ 55.
Kc6 Re3 56. Kc5 Rc3+ 57. Kb4 Rdd3 58. Ka4 Rxh3 59. Rd4 Rhg3 60. Kb5 g5 61.
Rd5 h4 62. Rd2 h3 63. Rh2 Rg2 64. Rh1 g4 65. Kb4 Rcg3 66. Kc4 Rg1 67. Rh2
R3g2 68. Rxg2 Rxg2 69. Kd3 Rf2 70. Ke3 Rf1 71. Ke2 Rf6 72. Ke3 h2 73. Kd4
h1=Q 74. Ke5 Qe1+ 75. Kd4 Rd6+ 76. Kc5 Qe5+ 77. Kc4 Qe4+ 78. Kc5 Qc6+ 79.
Kb4 Rd4+ 80. Kb3 Rd8 81. Kb4 Rb8+ 82. Ka3 Qa6# { White checkmated } 0-1

[Event "ICC tourney 2350 (60 10)"]
[Site "Internet Chess Club"]
[Date "2021.01.30"]
[Round "2"]
[White "dlevkov"]
[Black "HPenguin"]
[Result "0-1"]
[ICCResult "White checkmated"]
[WhiteElo "2159"]
[BlackElo "1819"]
[Opening "Sicilian defense"]
[ECO "B20"]
[NIC "SI.48"]
[Time "13:00:32"]
[PlyCount "134"]
[TimeControl "3600+10"]

1. e4 c5 2. a3 Nc6 3. b4 e6 4. Bb2 cxb4 5. axb4 Nxb4 6. Nf3 d5 7. Ne5 Nf6
8. Bb5+ Bd7 9. Nxd7 Nxd7 10. exd5 Nxd5 11. O-O a6 12. Bc4 N7f6 13. c3 Bd6
14. Qa4+ Ke7 15. Bxd5 Nxd5 16. c4 Nf6 17. d4 Re8 18. c5 Bb8 19. Nd2 Kf8 20.
Rab1 Bf4 21. Nc4 Nd5 22. g3 Bc7 23. Qb3 Rb8 24. Ba3 Kg8 25. Qd3 Qf6 26. Rb3
b5 27. cxb6 Nxb6 28. Na5 Nd5 29. Nc6 Rb6 30. Rc1 Qg6 31. Qc4 Qg5 32. Rcb1
h6 33. Rxb6 Bxb6 34. Qxa6 Bc7 35. Qd3 Nf4 36. Qe4 Nh3+ 37. Kg2 Nf4+ 38. Kh1
Ng6 39. f4 Qd5 40. Qxd5 exd5 41. Rb5 Re1+ 42. Kg2 Re2+ 43. Kh3 Nxf4+ 44.
gxf4 Re3+ 45. Kg4 Rxa3 46. Rxd5 g6 47. Rd7 f5+ 48. Kh4 Bxf4 49. Ne7+ Kf7
50. Nd5+ Ke6 51. Nxf4+ Kxd7 52. Nxg6 Ra4 53. Kh5 Rxd4 54. Kxh6 Rd6 55. h4
f4 56. Kg5 Rxg6+ 57. Kxg6 f3 58. h5 f2 59. h6 f1=Q 60. Kg7 Qg2+ 61. Kh8 Qf3
62. Kg7 Qg4+ 63. Kh8 Qf5 64. Kg7 Qg5+ 65. Kh7 Ke7 66. Kh8 Kf7 67. Kh7 Qg8#
{ White checkmated } 0-1

[Event "ICC tourney 2350 (60 10)"]
[Site "Internet Chess Club"]
[Date "2021.01.30"]
[Round "3"]
[White "yankeethanchess"]
[Black "HarleyQueen8"]
[Result "0-1"]
[ICCResult "White resigns"]
[WhiteElo "1723"]
[BlackElo "1858"]
[Opening "Sicilian"]
[ECO "B56"]
[NIC "SI.25"]
[Time "16:02:36"]
[PlyCount "46"]
[TimeControl "3600+10"]

1. e4 c5 2. Nf3 d6 3. d4 cxd4 4. Nxd4 Nf6 5. Nc3 Nc6 6. f3 e5 7. Nb3 Be7 8.
Be3 Be6 9. Qd2 O-O 10. g4 d5 11. exd5 Nxd5 12. O-O-O Nxe3 13. Qxe3 Bg5 14.
f4 Bxf4 15. Qxf4 exf4 16. Rxd8 Raxd8 17. g5 Nd4 18. h4 Nxb3+ 19. axb3 f6
20. Rg1 fxg5 21. hxg5 f3 22. Bd3 f2 23. Rh1 Rxd3 { White resigns } 0-1

[Event "ICC tourney 2350 (60 10)"]
[Site "Internet Chess Club"]
[Date "2021.01.30"]
[Round "3"]
[White "tcao"]
[Black "cdong13"]
[Result "1-0"]
[ICCResult "Black checkmated"]
[WhiteElo "2056"]
[BlackElo "1676"]
[Opening "French: advance, Paulsen attack"]
[ECO "C02"]
[NIC "FR.03"]
[Time "16:02:37"]
[PlyCount "71"]
[TimeControl "3600+10"]

1. e4 e6 2. d4 d5 3. e5 c5 4. c3 Nc6 5. Nf3 Qb6 6. a3 Bd7 7. Be2 Na5 8.
Nbd2 c4 9. O-O Ne7 10. Rb1 Nb3 11. Nxb3 cxb3 12. Be3 Nc6 13. Rc1 Na5 14. c4
Bc6 15. Nd2 Rc8 16. c5 Qd8 17. Bd3 f5 18. exf6 Qxf6 19. Nxb3 Ba4 20. Bc2
Nc4 21. Nd2 Bc6 22. Nxc4 dxc4 23. Ba4 b5 24. cxb6 axb6 25. Bxc6+ Rxc6 26.
Qa4 Kd7 27. Rxc4 e5 28. d5 Bd6 29. Qxc6+ Ke7 30. Qb7+ Ke8 31. Rc8+ Qd8 32.
Rxd8+ Kxd8 33. Bg5+ Ke8 34. Rc1 Bc5 35. Rxc5 bxc5 36. Qe7# { Black
checkmated } 1-0

[Event "ICC tourney 2350 (60 10)"]
[Site "Internet Chess Club"]
[Date "2021.01.30"]
[Round "3"]
[White "xcelswimmer"]
[Black "DanielFridlyand"]
[Result "1/2-1/2"]
[ICCResult "Game drawn by mutual agreement"]
[WhiteElo "1937"]
[BlackElo "1567"]
[Opening "QGD: exchange variation"]
[ECO "D35"]
[NIC "QO.16"]
[Time "16:02:39"]
[PlyCount "52"]
[TimeControl "3600+10"]

1. d4 d5 2. c4 e6 3. Nc3 Nf6 4. cxd5 Nxd5 5. e4 Nxc3 6. bxc3 c5 7. Nf3 Nc6
8. Be2 cxd4 9. cxd4 Bb4+ 10. Bd2 Bxd2+ 11. Qxd2 O-O 12. O-O b6 13. Rac1 Bb7
14. Bb5 Ne7 15. Qf4 Ng6 16. Qe3 Rc8 17. Rxc8 Qxc8 18. Rc1 Qa8 19. Nd2 Rc8
20. Rxc8+ Qxc8 21. f3 Ba6 22. a4 Bxb5 23. axb5 Qc1+ 24. Kf2 Qb2 25. Qd3 Nf4
26. Qe3 Ng6 { Game drawn by mutual agreement } 1/2-1/2

[Event "ICC tourney 2350 (60 10)"]
[Site "Internet Chess Club"]
[Date "2021.01.30"]
[Round "3"]
[White "harrislencz"]
[Black "jx4"]
[Result "0-1"]
[ICCResult "White checkmated"]
[WhiteElo "1899"]
[BlackElo "2213"]
[Opening "Sicilian defense"]
[ECO "B40"]
[NIC "SI.43"]
[Time "16:02:41"]
[PlyCount "44"]
[TimeControl "3600+10"]

1. e4 c5 2. Nf3 e6 3. b3 d5 4. exd5 exd5 5. Bb2 Nf6 6. Bb5+ Bd7 7. Bxd7+
Nbxd7 8. O-O Be7 9. d4 O-O 10. Nbd2 Qc7 11. dxc5 Bxc5 12. Nd4 Rfe8 13. c4
dxc4 14. Nxc4 Rad8 15. Qf3 Ne5 16. Nxe5 Qxe5 17. Nc6 Qxb2 18. Nxd8 Rxd8 19.
Qxb7 Ng4 20. Rad1 Qxf2+ 21. Kh1 Qg1+ 22. Rxg1 Nf2# { White checkmated } 0-1

[Event "ICC tourney 2350 (60 10)"]
[Site "Internet Chess Club"]
[Date "2021.01.30"]
[Round "3"]
[White "rrr73"]
[Black "marcusmellody"]
[Result "1/2-1/2"]
[ICCResult "Game drawn by mutual agreement"]
[WhiteElo "1488"]
[BlackElo "1713"]
[Opening "French: Tarrasch, open variation"]
[ECO "C07"]
[NIC "FR.19"]
[Time "16:02:37"]
[PlyCount "55"]
[TimeControl "3600+10"]

1. e4 e6 2. d4 d5 3. Nd2 c5 4. exd5 Qxd5 5. dxc5 Bxc5 6. Ngf3 Nf6 7. Bc4
Qd8 8. O-O O-O 9. h3 Bd7 10. Nb3 Bb6 11. Bg5 Bc6 12. Ne5 Qc7 13. Nxc6 Nxc6
14. Bxf6 gxf6 15. Re1 Bxf2+ 16. Kxf2 Qf4+ 17. Qf3 Qxc4 18. c3 Qh4+ 19. Kg1
f5 20. Nc5 Qe7 21. b4 Rad8 22. Rad1 Rxd1 23. Rxd1 Rd8 24. Rxd8+ Nxd8 25.
Qg3+ Kh8 26. Qb8 b6 27. Nb7 Qxb7 28. Qxd8+ { Game drawn by mutual agreement
} 1/2-1/2

[Event "ICC tourney 2350 (60 10)"]
[Site "Internet Chess Club"]
[Date "2021.01.30"]
[Round "3"]
[White "CaptainD17"]
[Black "geowhiz27"]
[Result "1-0"]
[ICCResult "Black checkmated"]
[WhiteElo "1706"]
[BlackElo "1667"]
[Opening "QGD: Tarrasch, Prague variation"]
[ECO "D33"]
[NIC "TD.05"]
[Time "16:02:36"]
[PlyCount "45"]
[TimeControl "3600+10"]

1. d4 Nf6 2. c4 e6 3. Nf3 d5 4. Nc3 c5 5. g3 Nc6 6. cxd5 exd5 7. Bg2 Bf5 8.
O-O Qd7 9. Ne5 Nxe5 10. dxe5 d4 11. exf6 dxc3 12. bxc3 Rd8 13. Bf4 gxf6 14.
Qxd7+ Rxd7 15. Rfd1 b6 16. Bc6 Be7 17. Rd2 Be4 18. Bxd7+ Kf8 19. Bh6+ Kg8
20. Bb5 f5 21. Rad1 f6 22. Bc4+ Bd5 23. Bxd5# { Black checkmated } 1-0

[Event "ICC tourney 2350 (60 10)"]
[Site "Internet Chess Club"]
[Date "2021.01.30"]
[Round "3"]
[White "coolsportsguy"]
[Black "chessisthebest1"]
[Result "1-0"]
[ICCResult "Black resigns"]
[WhiteElo "2330"]
[BlackElo "1812"]
[Opening "Queen's pawn, Mason variation"]
[ECO "D00"]
[NIC "QP.08"]
[Time "16:02:34"]
[PlyCount "67"]
[TimeControl "3600+10"]

1. d4 d5 2. Bf4 Nf6 3. e3 e6 4. Nd2 c5 5. c3 Nc6 6. Ngf3 Be7 7. Ne5 O-O 8.
Bd3 Bd6 9. Bg3 Qc7 10. f4 b6 11. O-O Bb7 12. Bh4 Be7 13. Rf3 g6 14. Qe1 Nh5
15. g4 Ng7 16. Bxe7 Qxe7 17. Rh3 Nxe5 18. dxe5 h5 19. gxh5 Nxh5 20. Kf2 Ng7
21. Nf3 Nf5 22. Qg1 Kg7 23. Qg4 Rh8 24. Bxf5 exf5 25. Qxf5 Rxh3 26. Qxh3
Rh8 27. Qg3 Bc8 28. h4 Bf5 29. Rd1 Qb7 30. Qg5 Rh5 31. Qf6+ Kg8 32. Qd8+
Kg7 33. Rxd5 Qc6 34. Rd6 { Black resigns } 1-0

[Event "ICC tourney 2350 (60 10)"]
[Site "Internet Chess Club"]
[Date "2021.01.30"]
[Round "3"]
[White "leavenotrace"]
[Black "mistermath314"]
[Result "1/2-1/2"]
[ICCResult "Game drawn by mutual agreement"]
[WhiteElo "1614"]
[BlackElo "1972"]
[Opening "Four knights: Spanish, classical defense"]
[ECO "C48"]
[NIC "KP.03"]
[Time "16:02:38"]
[PlyCount "150"]
[TimeControl "3600+10"]

1. e4 e5 2. Nc3 Nf6 3. Nf3 Nc6 4. Bb5 Bc5 5. Nxe5 Nxe5 6. d4 Bb4 7. dxe5
Nxe4 8. Qd3 Nc5 9. Qg3 Ne6 10. O-O Bxc3 11. Qxc3 O-O 12. b3 f5 13. f4 b6
14. Bb2 Bb7 15. Rad1 c6 16. Bc4 Qe7 17. a4 Kh8 18. Bxe6 dxe6 19. Rd6 Rad8
20. Rfd1 Rxd6 21. exd6 Qd7 22. Qg3 c5 23. Be5 Kg8 24. Rd3 Be4 25. Rc3 Qf7
26. Qf2 g6 27. Rh3 h5 28. Rg3 Kh7 29. Rc3 Qd7 30. Qh4 Qf7 31. Qe7 Qxe7 32.
dxe7 Re8 33. Bf6 Kg8 34. Kf2 Kf7 35. Bg5 a5 36. g3 Rc8 37. Ke3 Rc7 38. Kd2
Rd7+ 39. Kc1 Ke8 40. Re3 Rxe7 41. Bxe7 Kxe7 42. Kd2 Kd6 43. Kc3 Bd5 44. Rd3
Ke7 45. Rd2 Kd6 46. Kd3 Ke7 47. Ke3 Be4 48. Kf2 Bd5 49. Ke3 Be4 50. c3 Bd5
51. Rb2 Bc6 52. Kd3 Kd6 53. Kc4 Be8 54. Re2 Bc6 55. Rd2+ Kc7 56. Rb2 Kd6
57. b4 Bxa4 58. bxc5+ bxc5 59. Ra2 Bc6 60. Rxa5 Bd5+ 61. Kb5 Bc6+ 62. Kb6
c4 63. Ra7 Kd5 64. Rg7 Be8 65. Kc7 Ke4 66. Kd8 Ba4 67. Rxg6 Kd3 68. Rxe6
Bd1 69. Rd6+ Kc2 70. Ke7 Bg4 71. Kf6 Kxc3 72. Kg5 Kb2 73. Rb6+ Ka2 74. Ra6+
Kb2 75. Rb6+ Ka2 { Game drawn by mutual agreement } 1/2-1/2

[Event "ICC tourney 2350 (60 10)"]
[Site "Internet Chess Club"]
[Date "2021.01.30"]
[Round "3"]
[White "Yolobear"]
[Black "dlevkov"]
[Result "0-1"]
[ICCResult "White resigns"]
[WhiteElo "1827"]
[BlackElo "2159"]
[Opening "Dutch"]
[ECO "A80"]
[NIC "HD.12"]
[Time "16:02:37"]
[PlyCount "90"]
[TimeControl "3600+10"]

1. d4 f5 2. Nf3 Nf6 3. c4 g6 4. Nc3 Bg7 5. h3 O-O 6. Bg5 d6 7. Qd2 Nc6 8.
Bh6 Qe8 9. Bxg7 Kxg7 10. Nb5 Qd8 11. e3 Ne4 12. Qc1 e5 13. a3 Qe7 14. Be2
g5 15. d5 Nb8 16. Nd2 Nf6 17. Qc2 c6 18. Nc3 Qf7 19. Qb3 Na6 20. O-O-O Nc5
21. Qa2 a5 22. Nb3 Nce4 23. Nxe4 Nxe4 24. Rhf1 a4 25. Nd2 Nc5 26. b4 axb3
27. Nxb3 Ne4 28. Kb2 cxd5 29. cxd5 Bd7 30. Nd2 Nc5 31. Nc4 Na4+ 32. Kb3
Rfc8 33. Rc1 Qxd5 34. Qd2 Qb5+ 35. Qb4 Nc5+ 36. Kb2 d5 37. Rfd1 dxc4 38.
Rxc4 Qxb4+ 39. axb4 Na4+ 40. Kb3 Be6 41. Rd6 Bxc4+ 42. Bxc4 b5 43. Bd5 Rc3+
44. Ka2 Rc2+ 45. Ka1 Nc3+ { White resigns } 0-1

[Event "ICC tourney 2350 (60 10)"]
[Site "Internet Chess Club"]
[Date "2021.01.30"]
[Round "3"]
[White "Chesscrusher28"]
[Black "saisneha"]
[Result "1/2-1/2"]
[ICCResult "Game drawn by mutual agreement"]
[WhiteElo "1484"]
[BlackElo "1927"]
[Opening "English: four knights, kingside fianchetto"]
[ECO "A29"]
[NIC "EO.04"]
[Time "16:02:39"]
[PlyCount "109"]
[TimeControl "3600+10"]

1. c4 e5 2. Nc3 Nf6 3. Nf3 Nc6 4. g3 d5 5. cxd5 Nxd5 6. e4 Nb6 7. Bg2 Bc5
8. O-O O-O 9. a3 Bg4 10. h3 Bxf3 11. Bxf3 Nd4 12. Bg2 c6 13. b4 Be7 14. d3
Qd7 15. Re1 Rac8 16. Be3 c5 17. Bxd4 Qxd4 18. Ne2 Qd7 19. Qb3 Rfd8 20. Red1
Qb5 21. Nc3 Qc6 22. Nd5 Nxd5 23. exd5 Qf6 24. Rac1 cxb4 25. axb4 Qb6 26.
Rb1 Rc7 27. Qb2 Bd6 28. d4 exd4 29. Qxd4 Qxd4 30. Rxd4 Rc2 31. Re1 Rb2 32.
Rde4 Bxb4 33. Re8+ Rxe8 34. Rxe8+ Bf8 35. d6 Rb1+ 36. Kh2 Rd1 37. Bxb7 Rxd6
38. Ra8 Rd2 39. Rxa7 Rd7 40. Kg2 g6 41. h4 Kg7 42. g4 Bc5 43. Ra5 Bb6 44.
Bc6 Rc7 45. Ra2 Rxc6 46. f3 Bd4 47. Re2 Rc1 48. f4 Rg1+ 49. Kf3 Rb1 50. f5
Rb2 51. Re4 Bf6 52. g5 Bc3 53. f6+ Kf8 54. Rc4 Ke8 55. Rxc3 { Game drawn by
mutual agreement } 1/2-1/2

[Event "ICC tourney 2350 (60 10)"]
[Site "Internet Chess Club"]
[Date "2021.01.30"]
[Round "3"]
[White "LeonardoLiu2005"]
[Black "justinchess"]
[Result "0-1"]
[ICCResult "White resigns"]
[WhiteElo "2007"]
[BlackElo "2361"]
[Opening "Caro-Kann: two knights variation"]
[ECO "B11"]
[NIC "CK.01"]
[Time "16:02:55"]
[PlyCount "114"]
[TimeControl "3600+10"]

1. e4 c6 2. Nc3 d5 3. Nf3 Nf6 4. exd5 cxd5 5. d4 Nc6 6. Bb5 Bg4 7. O-O e6
8. h3 Bxf3 9. Qxf3 Rc8 10. Bg5 Be7 11. Rfe1 O-O 12. Ne2 Qb6 13. Bxc6 bxc6
14. Rab1 c5 15. c3 Rfd8 16. dxc5 Qxc5 17. Nd4 Ne4 18. Bxe7 Qxe7 19. Qe3 Rd7
20. f3 Nd6 21. f4 Ne4 22. Rbd1 g6 23. Nf3 Rb7 24. Re2 Qc5 25. Qxc5 Rxc5 26.
Ne5 a5 27. Nd3 Rc8 28. Nf2 Nd6 29. Nd3 Kg7 30. Kh2 Nc4 31. Rf1 h5 32. g3
Nd6 33. Kg2 Ne4 34. Nf2 Nc5 35. Rd1 Rcb8 36. Rdd2 Kf6 37. Kf3 Rb5 38. h4
Kg7 39. Rc2 R5b6 40. Ke3 Nb7 41. Nd3 Nd6 42. Ne5 Rc8 43. Kf3 Rb7 44. Rcd2
Nf5 45. Kg2 Rcc7 46. Kf3 Rc5 47. Nd3 Rc8 48. Ne5 a4 49. a3 d4 50. c4 Rb3+
51. Rd3 Rxd3+ 52. Nxd3 Rxc4 53. Ne5 Rc1 54. Nd3 Rd1 55. Nc5 d3 56. Rg2 d2
57. Rf2 Rc1 { White resigns } 0-1

[Event "ICC tourney 2350 (60 10)"]
[Site "Internet Chess Club"]
[Date "2021.01.30"]
[Round "3"]
[White "weijie123"]
[Black "westo123"]
[Result "1-0"]
[ICCResult "Black checkmated"]
[WhiteElo "2091"]
[BlackElo "1615"]
[Opening "Benoni: Nimzovich (knight's tour) variation"]
[ECO "A61"]
[NIC "BI.27"]
[Time "16:02:58"]
[PlyCount "85"]
[TimeControl "3600+10"]

1. d4 c5 2. d5 Nf6 3. c4 e6 4. Nc3 exd5 5. cxd5 d6 6. Nf3 g6 7. Nd2 Bg7 8.
e4 O-O 9. Bd3 a6 10. a4 Re8 11. O-O Nbd7 12. f4 b6 13. h3 Nh5 14. Nc4 Bd4+
15. Be3 Ndf6 16. Qf3 Bxe3+ 17. Nxe3 Ng7 18. Rae1 Nd7 19. Nc4 Qf6 20. e5
dxe5 21. d6 e4 22. Bxe4 Rb8 23. Rd1 Ne6 24. Nd5 Qg7 25. Ne7+ Kh8 26. Nc6
Nd4 27. Rxd4 cxd4 28. Nxb8 Nxb8 29. Nxb6 f5 30. Bd5 Qf6 31. Rc1 Bd7 32. Nc4
Bxa4 33. Ne5 h6 34. Rc7 Rxe5 35. fxe5 Qxe5 36. Rc8+ Kh7 37. Rxb8 Qe1+ 38.
Kh2 Qe5+ 39. g3 Qxd6 40. Rb7+ Kh8 41. Ra7 Bb5 42. Qf4 Qb6 43. Qxh6# { Black
checkmated } 1-0